Map: Jagannatha LE

Players

Dubbeglas - Winner!

  • Race: Protoss Protoss
  • League: Platinum
  • Spawn Location: 1:00

Massa

  • Race: Terran Terran
  • League: Platinum
  • Spawn Location: 7:00

VOD

Have the link to the VOD?

Description

Time

  • Played on: Feb. 24, 2021, 5:35 p.m.
  • Length: 6:39
Show
View Real Time Build Order
Export as new Build Order

Dubbeglas Protoss - Winner!

Build Orders:  

Get SALT Encoding   

  12  0:00  Probe  
  13  0:12  Probe  
  14  0:18  Pylon  
  14  0:24  Probe  
  15  0:36  Gateway  
  15  0:39  Probe (Chrono Boost)  
  16  0:45  Assimilator  
  16  0:49  Probe (Chrono Boost)  
  17  0:55  Assimilator  
  17  0:57  Probe  
  18  1:09  Probe  
  19  1:28  Cybernetics Core  
  19  1:30  Probe  
  19  1:32  Pylon  
  20  1:42  Probe  
  21  1:54  Probe, Pylon  
  22  2:01  Warp Gate (Chrono Boost)  
  22  2:05  Stalker  
  24  2:16  Robotics Facility  
  24  2:25  Probe  
  25  2:30  Gateway  
  25  2:37  Sentry  
  27  2:56  Immortal  
  31  3:05  Gateway  
  31  3:13  Pylon  
  31  3:32  Gateway  
  31  3:43  Immortal  
  31  3:46  Sentry  
  31  3:48  Sentry  
  39  4:09  Stalker  
  41  4:10  Stalker  
  41  4:13  Stalker  
  41  5:01  Stalker  
  41  5:02  Stalker x2  
  47  5:25  Observer  
  42  5:51  Stalker x2  
  42  5:55  Pylon  
  46  5:57  Pylon  
  46  6:01  Pylon  
  46  6:02  Gateway  
  46  6:15  Shield Battery  
Show
View Real Time Build Order
Export as new Build Order

Massa Terran 

Build Orders: 2 Factory 

Get SALT Encoding   

  12  0:00  SCV  
  13  0:12  SCV  
  14  0:22  Supply Depot  
  14  0:24  SCV  
  15  0:43  SCV  
  15  0:44  Barracks  
  16  0:50  Refinery  
  16  0:55  SCV  
  17  1:07  SCV  
  18  1:23  SCV  
  19  1:34  Command Center  
  19  1:51  Orbital Command  
  19  2:03  Supply Depot  
  19  2:07  Factory  
  19  2:17  Barracks Reactor  
  19  2:21  SCV  
  20  2:33  SCV  
  21  2:43  Supply Depot  
  21  2:45  SCV  
  21  2:47  Orbital Command  
  22  2:55  Marine  
  22  2:56  Marine  
  22  2:57  Hellion  
  27  2:58  SCV  
  27  3:04  Refinery  
  27  3:09  Factory  
  27  3:14  Starport  
  27  3:16  Marine  
  27  3:17  Marine  
  27  3:18  SCV  
  30  3:21  SCV  
  31  3:30  SCV  
  31  3:35  Hellion  
  33  3:50  SCV x2  
  33  3:51  Engineering Bay  
  33  3:52  Starport Tech Lab, Marine x2  
  37  3:57  Widow Mine  
  37  4:02  SCV  
  40  4:07  SCV  
  41  4:10  Banshee, Marine  
  41  4:11  Marine  
  41  4:14  SCV  
  47  4:18  Barracks  
  47  4:24  Barracks  
  47  4:28  Marine  
  48  4:36  Bunker  
  46  4:46  Marine  
  45  4:53  Factory Tech Lab  
  45  4:56  Starport Tech Lab  
  42  5:11  Supply Depot  
  41  5:14  Supply Depot  
  41  5:15  Supply Depot  
  41  5:16  Supply Depot  
  40  5:32  Marine  
  38  5:40  Starport Reactor  
  38  5:42  Marine  
  32  5:50  Marine  
  32  5:54  Bunker  
  32  5:56  Bunker  
  33  5:59  Marine  
  33  6:01  Barracks  
  33  6:04  Barracks  
  34  6:05  Barracks  
  34  6:08  Marine  
  35  6:17  Marine  
Tags
 
Add a new tag
Caveats
  • Supply blocks, unpowered buildings, or Contaminate may cause inaccurate times.
  • Supply counts are checked every 10 seconds.